| TOP OF THE 1ST |
|
London Majors batting - Pitching for Southern Maryland Blue Crabs : RHP Xavier Martin
|
|
Pitching: RHP Xavier Martin
|
|
|
Batting: RHB Dustin Bargman
|
0-0: Called Strike 0-1: Ground out 1-3 (Groundball, 34S, EV 68.1 MPH)
|
|
Batting: RHB Jorge Cruz
|
0-0: Ball 1-0: Ground out 5-3 (Groundball, 56S, EV 68.1 MPH)
|
|
Batting: RHB John Rios
|
0-0: Foul Ball, location: 2F 0-1: Ground out U3 (Groundball, 34S, EV 87.5 MPH)
|
| Top of the 1st over - 0 runs, 0 hits, 0 errors, 0 left on base; London 0 - Southern Maryland 0 |
| BOTTOM OF THE 1ST |
|
Southern Maryland Blue Crabs batting - Pitching for London Majors : RHP Shalom Diender
|
|
Pitching: RHP Shalom Diender
|
|
|
Batting: LHB Edwin Cabral
|
0-0: Called Strike 0-1: Called Strike 0-2: Foul Ball, location: 2F 0-2: Strikes out looking
|
|
Batting: SHB Eric Kelley
|
0-0: Ball 1-0: Swinging Strike 1-1: Called Strike 1-2: Ball 2-2: Ball 3-2: Foul Ball, location: 2F 3-2: SINGLE (Groundball, 34D, EV 96.2 MPH)
|
|
Batting: RHB Maup Gommers
|
0-0: Called Strike 0-1: Ball Eric Kelley steals 2nd base 1-1: Called Strike 1-2: Foul Ball, location: 2F 1-2: Foul Ball, location: 2F 1-2: Ball 2-2: Fly out, F7 (Flyball, 78S, EV 89.4 MPH)
|
|
Batting: LHB Xue-liang Zhou
|
0-0: Foul Ball, location: 2F 0-1: Ground out 4-3 (Groundball, 4, EV 81.9 MPH)
|
| Bottom of the 1st over - 0 runs, 1 hit, 0 errors, 1 left on base; London 0 - Southern Maryland 0 |
| TOP OF THE 2ND |
|
London Majors batting - Pitching for Southern Maryland Blue Crabs : RHP Xavier Martin
|
|
Batting: RHB Luis Gomez
|
0-0: Ball 1-0: Ball 2-0: Called Strike 2-1: Ball 3-1: Foul Ball, location: 2F 3-2: Foul Ball, location: 2F 3-2: Ground out 6-3 (Groundball, 6S, EV 84.4 MPH)
|
|
Batting: RHB Luis Vargas
|
0-0: Ball 1-0: Called Strike 1-1: Ball 2-1: Ball 3-1: Swinging Strike 3-2: Fly out, F8 (Flyball, 8RM, EV 91.9 MPH)
|
|
Batting: RHB Rudolph Lentz
|
0-0: Ground out 6-3 (Groundball, 6, EV 78.1 MPH)
|
| Top of the 2nd over - 0 runs, 0 hits, 0 errors, 0 left on base; London 0 - Southern Maryland 0 |
| BOTTOM OF THE 2ND |
|
Southern Maryland Blue Crabs batting - Pitching for London Majors : RHP Shalom Diender
|
|
Batting: RHB Jonathan Mendoza
|
0-0: Called Strike 0-1: SOLO HOME RUN (Line Drive, 78XD, EV 110.6 MPH), Distance : 428 ft
|
|
Batting: LHB Chris Cohen
|
0-0: Ball 1-0: Ball 2-0: Ball 3-0: Base on Balls
|
|
Batting: RHB Alfredo Reguera
|
0-0: Called Strike 0-1: Called Strike 0-2: Ball 1-2: SINGLE (Line Drive, 8LS, EV 101.9 MPH) Chris Cohen to second Chris Cohen to third
|
|
Batting: RHB Minoru Matsumoto
|
0-0: Called Strike Alfredo Reguera is caught stealing 2nd base 2-4 0-1: Swinging Strike 0-2: Ball 1-2: Strikes out swinging
|
|
Batting: RHB Simon Van Steenwyk
|
0-0: Ball 1-0: Ball 2-0: Called Strike 2-1: Fly out, F9 (Flyball, 9LD, EV 76.9 MPH)
|
| Bottom of the 2nd over - 1 run, 2 hits, 0 errors, 1 left on base; London 0 - Southern Maryland 1 |
| TOP OF THE 3RD |
|
London Majors batting - Pitching for Southern Maryland Blue Crabs : RHP Xavier Martin
|
|
Batting: RHB Mikey Sano
|
0-0: Ground out 6-3 (Groundball, 6, EV 87.5 MPH)
|
|
Batting: RHB Manny Elizondo
|
0-0: Ball 1-0: Ball 2-0: Called Strike 2-1: Called Strike 2-2: Strikes out swinging
|
|
Batting: RHB Lao-che Zhu
|
0-0: SINGLE (Line Drive, 56D, EV 98.8 MPH)
|
|
Batting: RHB Dustin Bargman
|
0-0: Ball 1-0: Ball 2-0: Ball 3-0: Called Strike 3-1: Foul Ball, location: 2F 3-2: Foul Ball, location: 2F 3-2: Base on Balls Lao-che Zhu to second
|
|
Batting: RHB Jorge Cruz
|
0-0: Ground out 1-3 (Groundball, 25, EV 71.9 MPH)
|
| Top of the 3rd over - 0 runs, 1 hit, 0 errors, 2 left on base; London 0 - Southern Maryland 1 |
| BOTTOM OF THE 3RD |
|
Southern Maryland Blue Crabs batting - Pitching for London Majors : RHP Shalom Diender
|
|
Batting: LHB Edwin Cabral
|
0-0: Ground out 5-3 (Groundball, 56S, EV 88.1 MPH)
|
|
Batting: SHB Eric Kelley
|
0-0: Ball 1-0: Ground out U3 (Groundball, 3, EV 93.1 MPH)
|
|
Batting: RHB Maup Gommers
|
0-0: Swinging Strike 0-1: Swinging Strike 0-2: Ball 1-2: SINGLE (Groundball, 6MD, EV 106.9 MPH)
|
|
Batting: LHB Xue-liang Zhou
|
0-0: Called Strike 0-1: Foul Ball, location: 2F 0-2: Strikes out swinging
|
| Bottom of the 3rd over - 0 runs, 1 hit, 0 errors, 1 left on base; London 0 - Southern Maryland 1 |
| TOP OF THE 4TH |
|
London Majors batting - Pitching for Southern Maryland Blue Crabs : RHP Xavier Martin
|
|
Batting: RHB John Rios
|
0-0: Called Strike 0-1: Ground out 5-3 (Groundball, 56, EV 114.4 MPH)
|
|
Batting: RHB Luis Gomez
|
0-0: Ball 1-0: SINGLE (Groundball, P, EV 85.6 MPH) (infield hit)
|
|
Batting: RHB Luis Vargas
|
0-0: Ball 1-0: Ball 2-0: Called Strike 2-1: Ball 3-1: Called Strike 3-2: Strikes out swinging Luis Gomez steals 2nd base (no throw) Batter strikes out.
|
|
Batting: RHB Rudolph Lentz
|
0-0: Foul Ball, location: 2F 0-1: Ball 1-1: Ball 2-1: Called Strike 2-2: SINGLE (Line Drive, 8LS, EV 113.1 MPH) Luis Gomez to third Runner from 3rd tries for Home, SAFE, throw by CF to home
|
|
Batting: RHB Mikey Sano
|
0-0: Called Strike 0-1: Foul Ball, location: 2F 0-2: Strikes out swinging
|
| Top of the 4th over - 1 run, 2 hits, 0 errors, 1 left on base; London 1 - Southern Maryland 1 |
| BOTTOM OF THE 4TH |
|
Southern Maryland Blue Crabs batting - Pitching for London Majors : RHP Shalom Diender
|
|
Batting: RHB Jonathan Mendoza
|
0-0: Called Strike 0-1: Ball 1-1: Ball 2-1: Ball 3-1: Swinging Strike 3-2: Base on Balls
|
|
Batting: LHB Chris Cohen
|
0-0: Hit by Pitch Jonathan Mendoza to second
|
|
Batting: RHB Alfredo Reguera
|
0-0: Foul Ball, location: 2F 0-1: Ball 1-1: Ball 2-1: Foul Ball, location: 2F 2-2: Fly out, F9 (Flyball, 89S, EV 85.0 MPH)
|
|
Batting: RHB Minoru Matsumoto
|
0-0: Foul Ball, location: 2F 0-1: Fly out, F9 (Flyball, 89D, EV 83.1 MPH)
|
|
Batting: RHB Simon Van Steenwyk
|
0-0: Ball 1-0: Ball 2-0: Called Strike 2-1: Ball 3-1: Base on Balls Jonathan Mendoza to third Chris Cohen to second
|
|
Batting: LHB Edwin Cabral
|
0-0: Ball 1-0: Foul Ball, location: 2F 1-1: Ball 2-1: Foul Ball, location: 2F 2-2: Strikes out swinging
|
| Bottom of the 4th over - 0 runs, 0 hits, 0 errors, 3 left on base; London 1 - Southern Maryland 1 |
| TOP OF THE 5TH |
|
London Majors batting - Pitching for Southern Maryland Blue Crabs : RHP Xavier Martin
|
|
Batting: RHB Manny Elizondo
|
0-0: Ball 1-0: Ball 2-0: Foul Ball, location: 2F 2-1: Single, Error in OF, E9, batter to second base (Groundball, 3D, EV 98.8 MPH)
|
|
Batting: RHB Lao-che Zhu
|
0-0: Foul Ball, location: 2F 0-1: Ball 1-1: Ball 2-1: Ground out 4-3 (Groundball, 4, EV 84.4 MPH) Manny Elizondo to third
|
|
Batting: RHB Dustin Bargman
|
0-0: Foul Ball, location: 2F 0-1: DOUBLE (Groundball, 5L, EV 102.5 MPH) Manny Elizondo scores
|
|
Batting: RHB Jorge Cruz
|
0-0: Ball 1-0: Foul Ball, location: 2F 1-1: Ball 2-1: Foul Ball, location: 2F 2-2: Foul Ball, location: 2F 2-2: Foul Ball, location: 2F 2-2: Strikes out swinging
|
|
Batting: RHB John Rios
|
0-0: Swinging Strike 0-1: Ground out 4-3 (Groundball, 4, EV 86.2 MPH)
|
| Top of the 5th over - 1 run, 2 hits, 1 error, 1 left on base; London 2 - Southern Maryland 1 |
| BOTTOM OF THE 5TH |
|
Southern Maryland Blue Crabs batting - Pitching for London Majors : RHP Shalom Diender
|
|
Batting: SHB Eric Kelley
|
0-0: Ball 1-0: Ball 2-0: Fly out, F7 (Flyball, 78D, EV 101.2 MPH)
|
|
Batting: RHB Maup Gommers
|
0-0: Ball 1-0: Foul Ball, location: 2F 1-1: Swinging Strike 1-2: Ball 2-2: Foul Ball, location: 2F 2-2: Ball 3-2: Base on Balls
|
|
Batting: LHB Xue-liang Zhou
|
0-0: Ball 1-0: Called Strike 1-1: Swinging Strike 1-2: Fly out, F3 (Popup, 3L, EV 73.8 MPH)
|
|
Batting: RHB Jonathan Mendoza
|
0-0: Foul Ball, location: 2F 0-1: Swinging Strike 0-2: Ball 1-2: Ball 2-2: SINGLE (Flyball, 78S, EV 86.9 MPH) Maup Gommers to second
|
|
Batting: LHB Chris Cohen
|
0-0: Ball 1-0: Swinging Strike 1-1: Ball 2-1: Called Strike 2-2: Foul Ball, location: 2F 2-2: Strikes out swinging
|
| Bottom of the 5th over - 0 runs, 1 hit, 0 errors, 2 left on base; London 2 - Southern Maryland 1 |
| TOP OF THE 6TH |
|
London Majors batting - Pitching for Southern Maryland Blue Crabs : RHP Xavier Martin
|
|
Batting: RHB Luis Gomez
|
0-0: Ground out U3 (Groundball, 3, EV 103.1 MPH)
|
|
Batting: RHB Luis Vargas
|
0-0: Ball 1-0: Swinging Strike 1-1: Ball 2-1: Ball 3-1: Foul Ball, location: 2F 3-2: Strikes out swinging
|
|
Batting: RHB Rudolph Lentz
|
0-0: Ball 1-0: Ball 2-0: Ground out 5-3 (Groundball, 5S, EV 88.1 MPH)
|
| Top of the 6th over - 0 runs, 0 hits, 0 errors, 0 left on base; London 2 - Southern Maryland 1 |
| BOTTOM OF THE 6TH |
|
Southern Maryland Blue Crabs batting - Pitching for London Majors : RHP Shalom Diender
|
|
Batting: RHB Alfredo Reguera
|
0-0: Ball 1-0: Ball 2-0: Called Strike 2-1: Called Strike 2-2: Strikes out swinging
|
|
Batting: RHB Minoru Matsumoto
|
0-0: Foul Ball, location: 2F 0-1: Swinging Strike 0-2: Ball 1-2: Ball 2-2: Ball 3-2: Base on Balls
|
|
Pitching: RHP Chris Mansfield
|
|
|
Batting: RHB Simon Van Steenwyk
|
0-0: Foul Ball, location: 2F 0-1: Foul Ball, location: 2F 0-2: Ball 1-2: Strikes out looking
|
|
Pinch Hitting: LHB Pat Fontana
|
0-0: Fielders Choice at 2nd, 5-4 (Groundball, 5L, EV 90.0 MPH)
|
| Bottom of the 6th over - 0 runs, 0 hits, 0 errors, 1 left on base; London 2 - Southern Maryland 1 |
| TOP OF THE 7TH |
|
London Majors batting - Pitching for Southern Maryland Blue Crabs : RHP Xavier Martin
|
|
Now at SS: Ivan Alvarez
|
|
|
Batting: RHB Mikey Sano
|
0-0: Fly out, F7 (Flyball, 7S, EV 93.1 MPH)
|
|
Batting: RHB Manny Elizondo
|
0-0: Called Strike 0-1: Swinging Strike 0-2: Ball 1-2: Ball 2-2: Ball 3-2: Strikes out swinging
|
|
Batting: RHB Lao-che Zhu
|
0-0: Fly out, F8 (Flyball, 8RD, EV 104.4 MPH)
|
| Top of the 7th over - 0 runs, 0 hits, 0 errors, 0 left on base; London 2 - Southern Maryland 1 |
| BOTTOM OF THE 7TH |
|
Southern Maryland Blue Crabs batting - Pitching for London Majors : RHP Chris Mansfield
|
|
Batting: SHB Eric Kelley
|
0-0: Called Strike 0-1: Ball 1-1: Ball 2-1: Foul Ball, location: 2F 2-2: Strikes out swinging
|
|
Batting: RHB Maup Gommers
|
0-0: Ball 1-0: Ball 2-0: Swinging Strike 2-1: Foul Ball, location: 2F 2-2: Ball 3-2: Base on Balls
|
|
Batting: LHB Xue-liang Zhou
|
0-0: SINGLE (Line Drive, 78S, EV 111.2 MPH) Maup Gommers to second
|
|
Batting: RHB Jonathan Mendoza
|
0-0: Called Strike 0-1: Foul Ball, location: 2F 0-2: Ball 1-2: Foul Ball, location: 2F 1-2: Ball 2-2: Ball 3-2: Base on Balls Maup Gommers to third Xue-liang Zhou to second
|
|
Batting: LHB Chris Cohen
|
0-0: Called Strike 0-1: Foul Ball, location: 2F 0-2: Ball 1-2: Foul Ball, location: 2F 1-2: Fly out, F9 (Flyball, 9, EV 88.1 MPH)
|
|
Batting: RHB Alfredo Reguera
|
0-0: Ball 1-0: Called Strike 1-1: Ball 2-1: Ball 3-1: Base on Balls Maup Gommers scores Xue-liang Zhou to third Jonathan Mendoza to second
|
|
Batting: RHB Minoru Matsumoto
|
0-0: Ball 1-0: Called Strike 1-1: Ball 2-1: Ball 3-1: Base on Balls Xue-liang Zhou scores Jonathan Mendoza to third Alfredo Reguera to second
|
|
Pitching: RHP Josh Long
|
|
|
Batting: RHB Simon Van Steenwyk
|
0-0: Ball 1-0: Swinging Strike 1-1: Ball 2-1: TRIPLE (Line Drive, 8LXD, EV 106.2 MPH) Jonathan Mendoza scores Alfredo Reguera scores Minoru Matsumoto scores
|
|
Batting: LHB Ivan Alvarez
|
0-0: Called Strike 0-1: Called Strike 0-2: Strikes out looking
|
| Bottom of the 7th over - 5 runs, 2 hits, 0 errors, 1 left on base; London 2 - Southern Maryland 6 |
| TOP OF THE 8TH |
|
London Majors batting - Pitching for Southern Maryland Blue Crabs : RHP Xavier Martin
|
|
Pitching: RHP Joe Underhill
|
|
|
Batting: RHB Dustin Bargman
|
0-0: Called Strike 0-1: Ball 1-1: Fly out, F8 (Flyball, 8RD, EV 96.9 MPH)
|
|
Pinch Hitting: SHB Kevin Watson
|
0-0: DOUBLE (Line Drive, 7D, EV 89.4 MPH)
|
|
Batting: RHB John Rios
|
0-0: SINGLE (Groundball, 6MD, EV 99.4 MPH) Kevin Watson to third
|
|
Batting: RHB Luis Gomez
|
0-0: Swinging Strike 0-1: Grounds into double play, 6-4-3 (Groundball, 6S, EV 82.5 MPH)
|
| Top of the 8th over - 0 runs, 2 hits, 0 errors, 1 left on base; London 2 - Southern Maryland 6 |
| BOTTOM OF THE 8TH |
|
Southern Maryland Blue Crabs batting - Pitching for London Majors : RHP Josh Long
|
|
Now at 3B: Kevin Watson
|
|
|
Now at SS: Lao-che Zhu
|
|
|
Batting: SHB Eric Kelley
|
0-0: Called Strike 0-1: Foul Ball, location: 2F 0-2: Ball 1-2: Ball 2-2: Fly out, F8 (Flyball, 8RD, EV 98.8 MPH)
|
|
Batting: RHB Maup Gommers
|
0-0: Ball 1-0: Fly out, F4 (Popup, 34D, EV 55.0 MPH)
|
|
Batting: LHB Xue-liang Zhou
|
0-0: Ball 1-0: Ground out 3-1 (Groundball, 34, EV 86.9 MPH)
|
| Bottom of the 8th over - 0 runs, 0 hits, 0 errors, 0 left on base; London 2 - Southern Maryland 6 |
| TOP OF THE 9TH |
|
London Majors batting - Pitching for Southern Maryland Blue Crabs : RHP Joe Underhill
|
|
Pitching: LHP Ronnie Pickering
|
|
|
Batting: RHB Luis Vargas
|
0-0: Called Strike 0-1: Swinging Strike 0-2: Ball 1-2: DOUBLE (Flyball, 89D, EV 94.4 MPH)
|
|
Pinch Hitting: RHB Mark Noftall
|
0-0: Called Strike 0-1: Ball 1-1: Foul Ball, location: 2F 1-2: SINGLE (Flyball, 9LS, EV 91.2 MPH) Luis Vargas to third
|
|
Pinch Hitting: RHB Mike Chamberlain
|
0-0: Ball 1-0: Fly out, F9 (Flyball, 89XD, EV 103.1 MPH) Runner from 3rd tags up, SCORES, no throw by RF
|
|
Pinch Hitting: RHB David Gamez
|
0-0: Reached on error, E5 (Groundball, 56S, EV 85.0 MPH) Mark Noftall to second
|
|
Pinch Hitting: RHB Pete Duncan
|
0-0: Called Strike 0-1: Foul Ball, location: 2F 0-2: Foul Ball, location: 2F 0-2: Ball 1-2: Fielders Choice at 2nd, 2-6 (Groundball, 13S, EV 70.6 MPH) Mark Noftall to third
|
|
Batting: RHB Dustin Bargman
|
0-0: Ball 1-0: Ball 2-0: Called Strike 2-1: Swinging Strike 2-2: Strikes out swinging
|
| Top of the 9th over - 1 run, 2 hits, 1 error, 2 left on base; London 3 - Southern Maryland 6 |
|